 Dungeon Crawl Stone Soup version 0.27.1-33-g824d729ab1 (webtiles) character file.

Game seed: 7014200470218267491

1 sking99 the Insei (level 1, 15/15 HPs)
             Began as a Merfolk Transmuter on Dec 8, 2021.
             Was a Follower of Elyvilon.
             Quit the game on level 1 of the Dungeon.
             The game lasted 00:00:27 (226 turns).

sking99 the Insei (Merfolk Transmuter)               Turns: 226, Time: 00:00:28

Health: 15/15      AC:  2    Str: 10    XL:     1   Next: 20%
Magic:  3/3        EV: 12    Int: 12    God:    Elyvilon [*.....]
Gold:   13         SH:  0    Dex: 14    Spells: 3/4 levels left

rFire    . . .     SeeInvis .     - Unarmed
rCold    . . .     Faith    .   (no shield)
rNeg     . . .     Spirit   .   a - +0 robe
rPois    .         Reflect  .   (no helmet)
rElec    .         Harm     .   (no cloak)
rCorr    .         Rampage  .   (no gloves)
Will     .....                  (no boots)
Stlth    +.........             (no amulet)
HPRegen  0.05/turn              (no ring)
MPRegen  0.08/turn              (no ring)

@: no status effects
A: (nimble swimmer 2), mertail
a: Renounce Religion, Lesser Healing, Divine Protection


You were on level 1 of the Dungeon.
You worshipped Elyvilon.
Elyvilon was aware of your devotion.
You visited 1 branch of the dungeon, and saw 1 of its levels.

You collected 13 gold pieces.

Inventory:

Armour
 a - a +0 robe (worn)
Scrolls
 b - a scroll of enchant weapon {unknown}
Potions
 c - a potion of mutation {unknown}


   Skills:
 - Level 1.1 Fighting
 - Level 2.6 Dodging
 + Level 3.4 Unarmed Combat
 - Level 2.0 Spellcasting
 - Level 2.6 Transmutations


You had 3 spell levels left.
You knew the following spells:

 Your Spells              Type           Power      Damage    Failure   Level
a - Beastly Appendage     Tmut           14%        N/A       9%          1

Your spell library contained the following spells:

 Spells                   Type           Power      Damage    Failure   Level
 Wereblood                Tmut           7%         N/A       14%         2
 Spider Form              Tmut/Pois      2%         N/A       43%         3
 Ice Form                 Ice/Tmut       4%         N/A       83%         4


Dungeon Overview and Level Annotations

Branches:
Dungeon (1/15)

Altars:
Elyvilon


Innate Abilities, Weirdness & Mutations

((You are quick and stealthy near water. (Stealth+, EV+, Speed+++)))
Your lower body shifts to a powerful aquatic tail in water.


Message History

You now have 8 gold pieces.
Found a scroll labelled YROSHR XIOS and a mace.
No target in view!
b - a scroll labelled YROSHR XIOS
Found a scale mail.
Found 5 gold pieces.
You now have 13 gold pieces (gained 5).
Found a ring mail.
Found a scale mail.
Found a stone staircase leading down.
A giant cockroach comes into view.
Found a brown potion.
The giant cockroach barely misses you.
You hit the giant cockroach but do no damage.
The giant cockroach bites you.
You closely miss the giant cockroach. The giant cockroach barely misses you.
You hit the giant cockroach.
The giant cockroach is severely wounded.
The giant cockroach barely misses you.
You completely miss the giant cockroach.
The giant cockroach is severely wounded.
The giant cockroach bites you but does no damage.
You hit the giant cockroach.
You kill the giant cockroach!
No target in view!
You start resting.
HP restored.
You see here a giant cockroach corpse.
c - a brown potion
Found a faded altar of an unknown god.
Found a ring mail.
There is a faded altar of an unknown god here.
You cannot tell which god this altar belongs to.
Convert to them anyway?
Elyvilon accepts your prayer! Elyvilon welcomes you!
You can now provide lesser healing for yourself.
You can now call on Elyvilon to save your life.
The rat bites the plant.
The plant begins to die.
The rat bites the plant.
Are you sure you want to abandon this character and quit the game? (Confirm with "yes".)

# #. ##
#.#########.# ##
###....#PPP.###..
..P....#....PPP#
P[..P.P#.P..PP.###
.......#P...PP...#
#
P......_PP.PPPP..#
#
.....PP#@...P....#
.....P.#...PP.P#
.PP...P#.P..Pr.#
##
###P...#.P..###.#
#. #.#########.#
#. ...##.##.#...#
#. .. ..........#
#### ###.##....#
#... #.......#
##..#


You could see a rat.

Vanquished Creatures
  A giant cockroach (D:1)
1 creature vanquished.

Notes
Turn   | Place    | Note
-------+----------+-------------------------------------------
     0 | D:1      | sking99 the Merfolk Transmuter began the quest for the Orb.
     0 | D:1      | Reached XP level 1. HP: 15/15 MP: 3/3
   217 | D:1      | Found a faded altar of an unknown god.
   224 | D:1      | Became a worshipper of Elyvilon the Healer
   224 | D:1      | Reached * piety under Elyvilon
   226 | D:1      | Quit the game

Illustrated notes

Levels and vault maps discovered:
D:1:      psy_arrival_radial01, layout_basic, serial_shops, shop,
          shapermc_ecumenical_altar_gd, nrook_uturn

Action                   || total
-------------------------++-------
Melee: Unarmed           ||     5
Armor: Robe              ||     1
Dodge: Dodged            ||     3
